 Dungeon Crawl Stone Soup version 0.30-a0-696-g2367cd04db (webtiles) character file.

Game seed: 16161430165846258243

842 rogsnak the Digger (level 7, 0/52 HPs)
             Began as a Black Draconian Earth Elementalist on Jan 21, 2023.
             Slain by a gnoll
             ... wielding a +0 club
             ... led by a gnoll sergeant
              (2 damage)
             ... on level 5 of the Dungeon.
             The game lasted 00:07:31 (3817 turns).

rogsnak the Digger (DrEE)                           Turns: 3817, Time: 00:07:31

Health: 0/52       AC:  6    Str: 10    XL:     7   Next: 67%
Magic:  5/14       EV: 12    Int: 17    God:
Gold:   240        SH:  0    Dex: 12    Spells: 11/15 levels left

rFire   . . .      SeeInvis .    w - +2 falchion (holy)
rCold   . . .      Faith    .    (no shield)
rNeg    . . .      Spirit   .    (body armour unavailable)
rPois   +          Reflect  .    (helmet restricted)
rElec   +          Harm     .    (no cloak)
rCorr   .          Rampage  .    (no gloves)
Will    .....                    (no boots)
Stlth   ++                       (no amulet)
HPRegen 0.28/turn                o - ring of poison resistance
MPRegen 0.14/turn                (no ring)

@: no status effects
A: breathe lightning, AC +6, unfitting armour, electricity resistance,
cold-blooded
a: Breathe Lightning


You were on level 5 of the Dungeon.
You visited 1 branch of the dungeon, and saw 5 of its levels.
You also visited: Sewer.

You collected 240 gold pieces.

Inventory:

Hand Weapons
 c - a +0 club
 n - a +0 mace
 w - a +2 falchion of holy wrath (weapon)
Missiles
 m - 2 poisoned darts (quivered)
Armour
 p - a +0 buckler
Magical Staves
 v - a staff of poison
Jewellery
 o - a ring of poison resistance (left hand)
Scrolls
 b - 2 scrolls of poison {unknown}
 d - 2 scrolls of identify {unknown}
 e - 3 scrolls of immolation {unknown}
 g - a scroll of blinking {unknown}
 i - 5 scrolls of teleportation {unknown}
 l - 3 scrolls of fear {unknown}
 q - a scroll of silence {unknown}
 r - 3 scrolls of fog {unknown}
 s - a scroll of enchant weapon {unknown}
 x - a scroll of summoning {unknown}
Potions
 a - 3 potions of magic
 f - a potion of curing {unknown}
 h - 2 potions of might {unknown}
 j - a potion of degeneration {unknown}
 k - a potion of brilliance {unknown}
 t - 3 potions of cancellation {unknown}
 u - a potion of invisibility {unknown}


   Skills:
 + Level 1.0 Fighting
 + Level 2.6 Dodging
 - Level 2.0 Stealth
 + Level 4.8 Spellcasting
 * Level 3.1 Conjurations
 + Level 1.0 Transmutations
 + Level 5.3 Earth Magic


You had 11 spell levels left.
You knew the following spells:

 Your Spells              Type           Power      Damage    Failure   Level
a - Sandblast             Erth           44%        2d11      1%          1
b - Stone Arrow           Conj/Erth      36%        3d9       8%          3

Your spell library contained the following spells:

 Spells                   Type           Power      Damage    Failure   Level
 Magic Dart               Conj           56%        1d5       4%          1
 Passwall                 Tmut/Erth      11%        N/A       6%          2
 Searing Ray              Conj           28%        2d5       6%          2
 Static Discharge         Conj/Air       18%        2-3/arc   12%         2
 Petrify                  Tmut/Erth      14%        N/A       36%         4
 Vhi's Electric Charge    Tloc/Air       8%         N/A       41%         3
 Fulminant Prism          Conj/Hex       4%         3d5       58%         4
 Arcjolt                  Conj/Air       4%         1d14      91%         5
 Lightning Bolt           Conj/Air       4%         1d16      91%         5


Dungeon Overview and Level Annotations

Branches:
Dungeon (5/15)              Sewer (visited)
 Temple: D:4-7

Altars:


Innate Abilities, Weirdness & Mutations

You can breathe wild blasts of lightning.
Your glossy black scales are hard. (AC +6)
You cannot fit into any form of body armour.
You are resistant to electric shocks. (rElec)
You are cold-blooded and may be slowed by cold attacks.


Message History

Aim: a phantom (severely damaged, 76% to hit)
The blast of sand hits the phantom!
You destroy the phantom!
The gnoll hits you but does no damage. x2
Your Fighting skill increases to level 1!
Unknown command.
Unknown command.
Casting: Sandblast (safe; 1% risk of failure)
Confirm with . or Enter, or press ? or * to list all spells.
Aiming: Sandblast (safe; 1% risk of failure)
Press: ? - help, Shift-Dir - straight line, f - gnoll
Aim: a gnoll, wielding a +0 club (85% to hit)
The blast of sand hits the gnoll.
The gnoll is moderately wounded.
The gnoll barely misses you.
The gnoll hits you from afar with a +0 spear.
* * * LOW HITPOINT WARNING * * *
The gnoll barely misses you. The gnoll closely misses you.
Unknown command.
Unknown command.
Casting: Sandblast (safe; 1% risk of failure)
Confirm with . or Enter, or press ? or * to list all spells.
Aiming: Sandblast (safe; 1% risk of failure)
Press: ? - help, Shift-Dir - straight line, f/p - gnoll
Aim: a gnoll, wielding a +0 club (moderately wounded, 85% to hit)
The blast of sand hits the gnoll.
The gnoll is severely wounded.
The gnoll hits you but does no damage. x2
Unknown command.
Unknown command.
Casting: Sandblast (safe; 1% risk of failure)
Confirm with . or Enter, or press ? or * to list all spells.
Aiming: Sandblast (safe; 1% risk of failure)
Press: ? - help, Shift-Dir - straight line, f/p - gnoll
Aim: a gnoll, wielding a +0 club (severely wounded, 85% to hit)
The blast of sand hits the gnoll.
The gnoll is almost dead.
The gnoll hits you but does no damage. The gnoll barely misses you.
The gnoll hits you with a +0 club.
You die...

####### #......# #......#
#......#############
#......#.........(.#########
#......#...................#
#......#......>g.gg........#
#............#.#+#.........#
#............#@#.#.........#
#............#.g.#.........#
#............#......#.....##
#............#..###.#.....#
######.......#...##.......#
####.......'.#.###......#
#..........###..........+
#........รท)# #####......#
#....#####.# #.######


You could see 2 gnolls.

Vanquished Creatures
  Sigmund (D:4)
  Pargi (Sewer)
  An ogre (D:5)
  A phantom (D:5)
  A scorpion (D:5)
  A hound (D:4)
  A jelly (D:5)
  A gnoll bouda (D:5)
  2 iguanas
  An orc wizard (D:4)
  8 gnolls
  4 adders
  A worm (D:4)
  3 dart slugs
  10 orcs
  5 ball pythons
  3 endoplasms
  3 giant cockroaches
  6 goblins
  6 hobgoblins
  6 jackals
  4 bats
  A frilled lizard (D:2)
  4 kobolds
  4 rats (D:1)
79 creatures vanquished.

Notes
Turn   | Place    | Note
-------+----------+-------------------------------------------
     0 | D:1      | rogsnak the Draconian Earth Elementalist began the quest
                  | for the Orb.
     0 | D:1      | Reached XP level 1. HP: 14/14 MP: 3/3
   241 | D:1      | Reached XP level 2. HP: 20/20 MP: 0/5
   590 | D:1      | Reached XP level 3. HP: 26/26 MP: 3/6
   594 | D:1      | Learned a level 3 spell: Stone Arrow
   891 | D:1      | Reached skill level 4 in Earth Magic
  1443 | D:2      | Reached XP level 4. HP: 34/34 MP: 3/7
  2336 | D:4      | Reached XP level 5. HP: 34/39 MP: 2/9
  2434 | D:4      | Found a glowing drain.
  2443 | Sewer    | Entered a sewer
  2532 | Sewer    | Noticed Pargi
  2547 | Sewer    | Killed Pargi
  2548 | Sewer    | Reached skill level 1 in Conjurations
  2548 | Sewer    | Reached XP level 6. HP: 36/46 MP: 5/11
  2720 | D:4      | Reached skill level 5 in Earth Magic
  3099 | D:4      | Noticed Sigmund
  3103 | D:4      | Killed Sigmund
  3398 | D:5      | Entered Level 5 of the Dungeon
  3467 | D:5      | Your scales start taking on a glossy black colour.
  3467 | D:5      | Reduced skill Earth Magic to level 4
  3467 | D:5      | Reached XP level 7. HP: 51/51 MP: 11/13
  3467 | D:5      | Gained mutation: You are resistant to electric shocks.
                  | (rElec) [Black Draconian growth]
  3699 | D:5      | Reached skill level 5 in Earth Magic
  3815 | D:5      | Reached skill level 1 in Fighting
  3815 | D:5      | HP: 1/52 [gnoll/+0 spear[a gnoll sergeant] (3)]
  3817 | D:5      | Slain by a gnoll

Illustrated notes

Levels and vault maps discovered:
D:1:      amcnicky_arrival_double_pillar, layout_loops_cross
D:2:      layout_rooms
D:3:      layout_basic
D:4:      layout_loops_corners, portal_sewer_entry_d, serial_bayou_crossing,
          uniq_sigmund
D:5:      layout_basic

Skill      XL: |  1  2  3  4  5  6  7 |
---------------+----------------------+-----
Earth Magic    | 4 4 5 |  5.3
Stealth        | 2 |  2.0
Dodging        | 2 |  2.6
Spellcasting   | 3 4 |  4.8
Conjurations   | 1 2 3 |  3.1
Fighting       | 1 |  1.0
Transmutations | |  1.0

Action                   |  1- 3 |  4- 6 |  7- 9 || total
-------------------------+-------+-------+-------++-------
Melee: Club              |    33 |       |       ||    33
       Tailslap          |     8 |     3 |       ||    11
       Mace              |       |     7 |       ||     7
       Falchion          |       |       |     4 ||     4
Throw: Dart              |       |     1 |       ||     1
 Cast: Sandblast         |    47 |    66 |    40 ||   153
Armor: Skin              |    41 |    12 |    13 ||    66
Dodge: Dodged            |    62 |    28 |    37 ||   127

Table legend: (Time is in decaauts)
 A = Elapsed time spent in this place.
 B = Non-inter-level travel time spent in this place.
 C = Inter-level travel time spent in this place.
 D = Time resting spent in this place.
 E = Time spent auto-exploring this place.
 F = Levels seen in this place.
 G = Mean time per level.
                   A        B        C        D        E       F      G
               +--------+--------+--------+--------+--------+-----+--------+
         Total |   3928 |   3759 |    169 |     27 |   2802 |   6 |  654.7 |
       Dungeon |   3708 |   3539 |    169 |     27 |   2660 |   5 |  741.6 |
         Sewer |    220 |    220 |      0 |      0 |    141 |   1 |  220.0 |
               +--------+--------+--------+--------+--------+-----+--------+

Top non-repeatable levels by time:
     D:4: 1066 daAuts
     D:1: 954 daAuts
     D:2: 636 daAuts
     D:3: 609 daAuts
     D:5: 441 daAuts
   Sewer: 220 daAuts
